 Dungeon Crawl Stone Soup version 0.31.0-9-g3a7656b989 (webtiles) character file.

Game seed: 17404775472295780626

1374 Peloso the Protected (level 8, -8/105 HPs)
             Began as a Minotaur Fighter on Feb 5, 2024.
             Was an Initiate of Okawaru.
             Killed from afar by an orc wizard (9 damage)
             ... with a puff of flame
             ... on level 6 of the Dungeon.
             The game lasted 00:09:52 (5029 turns).

Peloso the Protected (Minotaur Fighter)             Turns: 5029, Time: 00:09:52

Health: -8/105     AC: 28    Str: 22    XL:     8   Next: 39%
Magic:  7/7        EV:  2    Int:  5    God:    Okawaru [......]
Gold:   479        SH:  5    Dex: 11    Spells: 7/7 levels left

rFire   . . .        a - +0 long sword
rCold   + . .        d - +0 buckler
rNeg    . . .        u - melded +0 plate armour of Qud Kagu {rF+ Int+3}
rPois   +            (helmet currently unavailable)
rElec   .            (cloak currently unavailable)
rCorr   .            (gloves currently unavailable)
SInv    .            (boots currently unavailable)
Will    .....        (no amulet)
Stlth   +            i - +4 ring of protection
HPRegen 0.37/turn    g - ring of protection from cold
MPRegen 0.10/turn

%: no passive effects
@: lethally poisoned (-8 -> -10), tree-form
A: stationary, stasis, torment immunity, boosted hp, (horns 2), (retaliatory
headbutt)
a: Renounce Religion


You were on level 6 of the Dungeon.
You worshipped Okawaru.
Okawaru was noncommittal.
You were a tree.
You visited 2 branches of the dungeon, and saw 7 of its levels.

You collected 479 gold pieces.

Inventory:

Hand Weapons
 a - a +0 long sword (weapon)
 b - a +2 hand axe of flaming
Missiles
 f - 3 throwing nets (quivered)
Armour
 c - a +0 chain mail
 d - a +0 buckler (worn)
 u - the +0 plate armour of Qud Kagu (melded) {rF+ Int+3}
   (You found it on level 5 of the Dungeon)

   Int+3:     It affects your intelligence (+3).
   rF+:       It protects you from fire.
Jewellery
 g - a ring of protection from cold (right branch)
 i - a +4 ring of protection (left branch)
 p - a +6 ring of strength
Wands
 q - a wand of mindburst (12)
Scrolls
 e - 5 scrolls of identify
 h - a scroll of enchant weapon {unknown}
 k - a scroll of silence {unknown}
 l - a scroll of blinking
 n - 2 scrolls of fear {unknown}
 o - a scroll of immolation
 s - a scroll of noise {unknown}
Potions
 j - a potion of might
 m - 2 potions of resistance
 r - a potion of lignification


   Skills:
 + Level 5.6 Fighting
 + Level 7.6 Long Blades
 + Level 8.2 Armour
 + Level 2.1 Dodging
 + Level 5.2 Shields
 + Level 1.2 Evocations


You had 7 spell levels left.
You didn't know any spells.
Your spell library contained the following spells:

 Spells                   Type           Power      Damage    Failure   Level
 Freeze                   Ice            0%         1d3       54%         1
 Slow                     Hex            0%         N/A       54%         1
 Sting                    Conj/Alch      0%         1d3       54%         1
 Mercury Vapours          Alch/Air       0%         N/A       67%         2
 Scorch                   Fire           0%         2d5       67%         2
 Confusing Touch          Hex            0%         N/A       88%         3
 Frozen Ramparts          Ice            0%         1d1       88%         3
 Hailstorm                Conj/Ice       0%         3d5       88%         3
 Sigil of Binding         Hex            0%         N/A       88%         3
 Vampiric Draining        Necr           0%         2d6       88%         3
 Flame Wave               Conj/Fire      0%         2d4       99%         4
 Olgreb's Toxic Radiance  Alch           0%         N/A       99%         4
 Summon Small Mammal      Summ           Unusable   N/A       N/A         1
 Call Canine Familiar     Summ           Unusable   N/A       N/A         3
 Summon Blazeheart Golem  Fire/Summ      Unusable   N/A       N/A         4
 Summon Cactus Giant      Summ           Unusable   N/A       N/A         6

Dungeon Overview and Level Annotations

Branches:
Dungeon (6/15)             Temple (1/1) D:5

Altars:
Ashenzari
Cheibriados
Dithmenos
Elyvilon
Gozag
Kikubaaqudgha
Makhleb
Nemelex Xobeh
Okawaru
Qazlal
Ru
Sif Muna
Trog
Uskayaw
Wu Jian
Xom
Yredelemnul
Zin
The Shining One

Shops:
D:4 (


Innate Abilities, Weirdness & Mutations

You are a tree.
Your roots penetrate the ground, keeping you stationary.
You cannot be teleported.
You are immune to unholy pain and torment.
Your maximum health is greatly increased.
Your equipment is partially melded.
((You have a pair of horns on your head.))
((You reflexively headbutt those who attack you in melee.))


Message History

You barely miss the orc.
The orc is almost dead.
Your enlightenment fades.
* * * LOW HITPOINT WARNING * * *
You feel very sick.
The orc wizard points at you and mumbles some strange words.
You resist with some effort. Something hits you but does no damage.
The orc hits you with a +0 mace.
* * * LOW HITPOINT WARNING * * *
You hear some strange, mumbled words.
Something tries to affect you, but you resist.
You completely miss the orc.
The orc is almost dead.
* * * LOW HITPOINT WARNING * * *
You feel sick.
The orc wizard hits you but does no damage.
Something hits you but does no damage. The orc hits you but does no damage.
You hear some strange, mumbled words.
A puff of flame appears from out of thin air!
The puff of flame hits you but does no damage.
You closely miss the orc.
The orc is almost dead.
* * * LOW HITPOINT WARNING * * *
You feel sick.
The orc wizard hits you but does no damage.
Something hits you but does no damage. You block the orc's attack.
Something hits you but does no damage.
The orc wizard hits you with a +0 rapier.
* * * LOW HITPOINT WARNING * * *
Okay, then.
Unknown command.
You slash the orc!
You kill the orc!
Okawaru accepts your kill.
* * * LOW HITPOINT WARNING * * *
You feel sick. Something hits you but does no damage.
You hear some strange, mumbled words.
A puff of flame appears from out of thin air!
The puff of flame hits you!
You die...

#........#....≈....#....≈...
#.....≈...≈.....≈...≈......
#...<.......#.#.......#.#..
#......#.#.......#.#.......
#........≈...≈.....≈...≈)
###.#...≈....#....≈....#...
##..........≈...≈.....≈...≈.
#....##.#.#.....{o#.#)......
#.#.##.......#.#♣).....#.#.#
....##.≈...≈....{≈...≈......
....##...#.)..≈....#....≈...
...........≈))...≈...≈.....#
.......>.....#.#...#...#.###
...>.............#####...#
............)##### ####
.............#
............<#


You could see an orc wizard.

Vanquished Creatures
  Prince Ribbit (D:5)
  Eustachio (D:5)
  Duvessa (D:5)
  2 ogres
  A kobold brigand (D:6)
  Dowan (D:5)
  A howler monkey (D:5)
  3 bombardier beetles
  2 hounds (D:5)
  3 orc priests
  A jelly (D:5)
  A gnoll bouda (D:5)
  An iguana (D:5)
  Ijyb (D:5)
  An orc wizard (D:4)
  A sleepcap (D:5)
  9 adders
  3 gnolls (D:5)
  2 dart slugs
  A ribbon worm (D:2)
  16 orcs
  7 ball pythons
  5 endoplasms
  3 giant cockroaches
  4 goblins
  6 hobgoblins
  7 jackals (D:2)
  4 quokkas
  4 bats
  2 frilled lizards (D:1)
  9 kobolds
  3 rats
107 creatures vanquished.

Notes
Turn   | Place    | Note
-------+----------+-------------------------------------------
     0 | D:1      | Peloso the Minotaur Fighter began the quest for the Orb.
     0 | D:1      | Reached XP level 1. HP: 19/19 MP: 0/0
   192 | D:1      | Reached XP level 2. HP: 27/27 MP: 1/1
   495 | D:1      | Reached skill level 4 in Armour
   879 | D:1      | Reached XP level 3. HP: 16/33 MP: 2/2
  1014 | D:2      | Reached XP level 4. HP: 40/40 MP: 3/3
  1069 | D:2      | Reached skill level 1 in Dodging
  1629 | D:3      | Reached XP level 5. HP: 46/46 MP: 4/4
  1730 | D:3      | Reached skill level 5 in Armour
  2250 | D:4      | Found Neram's Antique Weapon Emporium.
  2376 | D:4      | Found an ornate altar of the Wu Jian Council.
  2418 | D:4      | Found an opulent altar of Gozag.
  2513 | D:4      | Found a broken altar of Ashenzari.
  2553 | D:4      | Found a basalt altar of Yredelemnul.
  2634 | D:4      | Found a snail-covered altar of Cheibriados.
  3230 | D:4      | Reached XP level 6. HP: 40/52 MP: 5/5
  3386 | D:5      | Entered Level 5 of the Dungeon
  3430 | D:5      | Reached skill level 5 in Long Blades
  3500 | D:5      | Reached skill level 6 in Armour
  3509 | D:5      | Found a white marble altar of Elyvilon.
  3509 | D:5      | Found a glowing golden altar of the Shining One.
  3589 | D:5      | Noticed Ijyb
  3602 | D:5      | Killed Ijyb
  3733 | D:5      | Noticed Duvessa
  3734 | D:5      | Noticed Prince Ribbit
  3764 | D:5      | Killed Duvessa
  3765 | D:5      | Reached XP level 7. HP: 49/60 MP: 6/6
  3780 | D:5      | Noticed Dowan
  3782 | D:5      | Killed Dowan
  3858 | D:5      | Killed Prince Ribbit
  3859 | D:5      | Reached skill level 7 in Armour
  3859 | D:5      | Reached skill level 5 in Shields
  4030 | D:5      | Found a stormy altar of Qazlal.
  4039 | D:5      | Noticed Eustachio
  4057 | D:5      | Killed Eustachio
  4256 | D:5      | Found a sparkling altar of Nemelex Xobeh.
  4279 | D:5      | Reached XP level 8. HP: 52/67 MP: 7/7
  4288 | D:5      | Reached skill level 1 in Evocations
  4387 | D:5      | Identified the +0 plate armour of Qud Kagu {rF+ Int+3}
  4485 | D:5      | Reached skill level 5 in Fighting
  4503 | D:5      | Found a staircase to the Ecumenical Temple.
  4869 | Temple   | Entered the Ecumenical Temple
  4880 | Temple   | Became a worshipper of Warmaster Okawaru
  4936 | D:6      | Reached skill level 8 in Armour
  5026 | D:6      | HP: 5/105 [orc/+0 mace (2)]
  5028 | D:6      | HP: 2/105 [orc wizard/+0 rapier (1)]
  5029 | D:6      | Killed from afar by an orc wizard

Illustrated notes

Levels and vault maps discovered:
D:1:      minmay_arrival_pointy, layout_basic
D:2:      cheibrodos_pilgrimage, layout_rooms
D:3:      layout_basic, nrook_mini_backslash
D:4:      layout_basic, mainiacjoe_overflow_tiny_flanked,
          nicolae_ashenzari_skybound, old_standard_altar, kennysheep_mini_moat,
          mainiacjoe_overflow_boulevard, serial_shops, nicolae_stop_n_shop_1,
          kennysheep_orc_chapel
D:5:      layout_basic, mainiacjoe_overflow_small_starburst,
          grunt_qazlal_clouds, jmf_multi_god_temple, temple_green, minivault_5,
          uniq_prince_ribbit1, uniq_eustachio, uniq_ijyb, uniq_duvessa
D:6:      layout_rooms, mainiacjoe_overflow_alcove_4,
          nicolae_kite_square_tiling_tiny, uniq_blork_the_orc
Temple:   chequers_temple_sunken

Skill      XL: |  1  2  3  4  5  6  7  8 |
---------------+-------------------------+-----
Fighting       | 4 5 |  5.6
Armour         | 4 5 6 7 8 |  8.2
Long Blades    | 3 4 5 7 |  7.6
Shields        | 4 5 |  5.2
Dodging        | 1 2 |  2.1
Evocations     | 1 |  1.2

Action                     |  1- 3 |  4- 6 |  7- 9 || total
---------------------------+-------+-------+-------++-------
  Melee: Long sword        |    67 |   186 |    84 ||   337
         Headbutt          |     9 |    27 |    15 ||    51
  Evoke: Wand              |       |     2 |     8 ||    10
    Use: Potion            |     1 |     2 |     3 ||     6
         Scroll            |       |     4 |       ||     4
 Armour: Scale mail        |    75 |    60 |       ||   135
         Chain mail        |       |    92 |    55 ||   147
         Plate armour      |       |       |    51 ||    51
         Skin              |       |       |    15 ||    15
  Dodge: Dodged            |    44 |    68 |    47 ||   159
  Block: Buckler           |    32 |    37 |    22 ||    91
